General information
- name: BNet
- type: Ladder 1vs1/FFA
- host: Battle.net
- saver: Boogaloo_Shrimp
map: TerenasStand
- players: 2
- length: 39:06
- speed: Fast
- version: 1.26 W3XP
- replay type: Public
» download(96 KB)
Players
team 1 (loser)
ClutchFan23 (
orange | 19 APM | 748 actions | 39:04)
2 Blademaster
1 Wind Walk
1 Mirror Image
1 Shadow Hunter
1 Healing Wave
1 Far Seer
1 Chain Lighting
» actions
| Assign group hotkey | 37 | |
| Build / train | 82 | |
| Enter build submenu | 15 | |
| Enter hero's abilities submenu | 4 | |
| Remove unit from queue | 1 | |
| Right click | 222 | |
| Select / deselect | 285 | |
| Select group hotkey | 44 | |
| Use ability | 58 | |
748 total
» units
| Peon | 8 | |
| Grunt | 4 | |
| Troll Headhunter/Berserker | 45 | |
57 total
» upgrades
| Spiked Barricades | 3 | |
| Melee Weapons | 1 | |
| Armor | 3 | |
| Berserker Strength | 1 | |
| Troll Regeneration | 1 | |
| Ranged Weapons | 3 | |
| Berserker Upgrade | 1 | |
| Reinforced Defenses | 1 | |
14 total
» buildings
| Altar of Storms | 1 | |
| Orc Burrow | 6 | |
| War Mill | 2 | |
| Watch Tower | 4 | |
| Barracks | 1 | |
| Stronghold | 1 | |
| Fortress | 1 | |
| Beastiary | 1 | |
17 total
» build order
00:06 Altar of Storms
00:11 Orc Burrow
00:23 War Mill
01:38 Watch Tower
01:48 Orc Burrow
02:29 Watch Tower
04:01 Barracks
05:04 Stronghold
05:11 Orc Burrow
08:16 Fortress
09:38 Orc Burrow
10:48 Beastiary
11:19 War Mill
13:01 Orc Burrow
16:11 Watch Tower
21:33 Orc Burrow
23:26 Watch Tower
team 2 (winner)
Boogaloo_Shrimp (
blue | 57 APM | 2223 actions | 39:06)
8 Blademaster
3 Wind Walk
3 Critical Strike
1 Bladestorm
1 Mirror Image
3 Goblin Alchemist
2 Acid Bomb
1 Chemical Rage
» actions
| Assign group hotkey | 53 | |
| Basic commands | 60 | |
| Build / train | 96 | |
| ESC pressed | 4 | |
| Enter build submenu | 58 | |
| Enter hero's abilities submenu | 11 | |
| Give item / drop item | 21 | |
| Right click | 1031 | |
| Select / deselect | 445 | |
| Select group hotkey | 246 | |
| Use ability | 198 | |
2223 total
» units
| Peon | 19 | |
| Goblin Shredder | 1 | |
| Wind Rider | 5 | |
| Troll Batrider | 1 | |
| Goblin Zeppelin | 1 | |
| Goblin Sapper | 9 | |
| Demolisher | 1 | |
37 total
» upgrades
| Ranged Weapons | 3 | |
| Armor | 2 | |
| Envenomed Spears | 1 | |
| Liquid Fire | 1 | |
| Spiked Barricades | 3 | |
| Burning Oil | 1 | |
11 total
» buildings
| Altar of Storms | 1 | |
| Orc Burrow | 6 | |
| Voodoo Lounge | 4 | |
| War Mill | 1 | |
| Watch Tower | 43 | |
| Stronghold | 1 | |
| Beastiary | 4 | |
| Fortress | 1 | |
| Great Hall | 2 | |
| Barracks | 3 | |
66 total
» build order
00:13 Altar of Storms
00:20 Orc Burrow
01:09 Voodoo Lounge
01:20 War Mill
01:41 Orc Burrow
02:35 Watch Tower
03:20 Stronghold
03:36 Watch Tower
04:05 Watch Tower
04:48 Orc Burrow
05:35 Watch Tower
05:42 Beastiary
05:45 Beastiary
06:12 Beastiary
07:14 Orc Burrow
10:02 Fortress
11:14 Great Hall
11:16 Watch Tower
11:17 Watch Tower
11:17 Watch Tower
11:18 Watch Tower
11:18 Watch Tower
11:19 Watch Tower
11:26 Watch Tower
11:54 Watch Tower
12:56 Orc Burrow
13:00 Voodoo Lounge
13:11 Watch Tower
13:12 Watch Tower
15:01 Watch Tower
15:27 Watch Tower
15:27 Watch Tower
15:28 Watch Tower
15:29 Watch Tower
15:41 Voodoo Lounge
16:47 Watch Tower
16:48 Watch Tower
16:49 Watch Tower
16:50 Watch Tower
17:53 Watch Tower
17:54 Watch Tower
17:57 Watch Tower
17:58 Watch Tower
18:49 Watch Tower
18:50 Watch Tower
18:51 Watch Tower
18:51 Watch Tower
19:32 Beastiary
21:34 Watch Tower
21:35 Watch Tower
21:41 Watch Tower
21:41 Watch Tower
22:09 Great Hall
22:14 Watch Tower
22:15 Watch Tower
22:16 Watch Tower
22:16 Watch Tower
22:17 Watch Tower
22:18 Watch Tower
22:23 Watch Tower
22:23 Watch Tower
24:23 Orc Burrow
24:26 Voodoo Lounge
31:31 Barracks
31:32 Barracks
31:33 Barracks
» items
| Lesser Clarity Potion | 9 | |
| Healing Salve | 6 | |
| Boots of Speed | 2 | |
| Periapt of Vitality | 3 | |
| Orb of Lightning | 3 | |
| Tiny Great Hall | 2 | |
| Potion of Healing | 4 | |
| Scroll of Town Portal | 1 | |
| Scroll of Speed | 1 | |
| Potion of Mana | 1 | |
| Potion of Invisibility | 1 | |
33 total
Chat log
(03:41 / All) ClutchFan23: NICE
(08:09 / All) ClutchFan23: GG
(08:12 / All) Boogaloo_Shrimp: not really
(08:13 / All) Boogaloo_Shrimp: lol
(08:20 / All) Boogaloo_Shrimp: i cant believe youve played over 1000 games and are still this bad
(08:29 / All) ClutchFan23: I NEVER PLAY BM
(08:32 / All) Boogaloo_Shrimp: LOL
(08:35 / All) Boogaloo_Shrimp: worst excuse ever
(08:51 / All) Boogaloo_Shrimp: over 1000 games
(08:52 / All) Boogaloo_Shrimp: holy shit
(08:54 / All) Boogaloo_Shrimp: what a wasted life
(08:58 / All) ClutchFan23: EVERYONE THAT PLAYS ORCS, BM RUSHES
(09:05 / All) ClutchFan23: ITS BULL SHIT
(09:11 / All) Boogaloo_Shrimp: yet you got a bm and tried to harass
(09:15 / All) ClutchFan23: IDK HOW TO COUNTER IT
(09:19 / All) Boogaloo_Shrimp: after this many games
(09:21 / All) Boogaloo_Shrimp: you should uninstal
(09:38 / All) Boogaloo_Shrimp: this is a game for smarter people i guess
(09:49 / All) Boogaloo_Shrimp: we cant all be geniuses
(09:52 / All) Boogaloo_Shrimp: dont take it too hard
(10:20 / All) Boogaloo_Shrimp: leave? :P
(11:50 / All) Boogaloo_Shrimp: 3rd hero really?
(12:09 / All) Boogaloo_Shrimp: if this was your first game
(12:12 / All) Boogaloo_Shrimp: that might be an excusable mistake
(12:24 / All) ClutchFan23: HELP ME OUT
(12:31 / All) Boogaloo_Shrimp: ok
(12:35 / All) Boogaloo_Shrimp: throw away your computer
(12:39 / All) ClutchFan23: LOL
(12:41 / All) Boogaloo_Shrimp: go buy a shiny ball to play with
(13:43 / All) Boogaloo_Shrimp: ok so you went the standard cookie cutter shit
(13:49 / All) Boogaloo_Shrimp: grunts bm and sh
(13:51 / All) Boogaloo_Shrimp: what purpose?
(14:14 / All) Boogaloo_Shrimp: wow
(14:36 / All) Boogaloo_Shrimp: youre terrible
(14:54 / All) Boogaloo_Shrimp: you should kill yourself
(15:13 / All) Boogaloo_Shrimp: you didnt kill a single unit
(15:16 / All) Boogaloo_Shrimp: how does that make you feel?
(15:36 / All) Boogaloo_Shrimp: but you killed my SECOND VOODOO LOUNGE
(15:47 / All) Boogaloo_Shrimp: way to cost me 130 gold
(16:08 / All) Boogaloo_Shrimp: hey you left the runed bracers behind
(16:22 / All) ClutchFan23: NO I DIDNT
(16:28 / All) ClutchFan23: THAT WAS YOURS
(16:32 / All) Boogaloo_Shrimp: ...
(16:51 / All) ClutchFan23: HOW DO I CHECK YOUR STATS?
(17:00 / All) Boogaloo_Shrimp: alt-q
(17:07 / All) ClutchFan23: LOL
(17:10 / All) ClutchFan23: REALLY?
(17:16 / All) Boogaloo_Shrimp: i think so but try it and check
(17:34 / All) Boogaloo_Shrimp: if you must know im 19-0 with 27 lossbotted
(17:50 / All) ClutchFan23: IDK WHAT THAT MEANS
(18:08 / All) Boogaloo_Shrimp: it means i use a program to lose games to balance out my wins
(18:19 / All) Boogaloo_Shrimp: and for the pleasure of seeing dumbasses like you who cant learn this game after 1500 games :D
(18:52 / All) ClutchFan23: WELL, YOU'RE JUST AS GOOD AT TALKIN SHIT AS YOU ARE PLAYIN
(18:55 / All) Boogaloo_Shrimp: thanks :)
(19:06 / All) Boogaloo_Shrimp: i just let the truth speak for itself though
(19:53 / All) ClutchFan23: FYI, I GOT ALL NIGHT
(20:00 / All) Boogaloo_Shrimp: you know if i wanted to end it i would have
(20:02 / All) Boogaloo_Shrimp: right?
(20:12 / All) ClutchFan23: OH YEAH
(22:43 / All) ClutchFan23: NICE
(22:49 / All) Boogaloo_Shrimp: well that was easy
(23:28 / All) Boogaloo_Shrimp: ive honestly never seen someone lose 3 heroes that fast
(23:45 / All) ClutchFan23: GOTTA BE GOOD AT SOMETHIN
(24:02 / All) Boogaloo_Shrimp: saving face is something i guess
(24:21 / All) ClutchFan23: I DONT THINK IVE SAVED ANY FACE
(24:24 / All) ClutchFan23: AT ALL
(24:30 / All) Boogaloo_Shrimp: they always deny :\
(24:36 / All) ClutchFan23: IM USUALLY NOT THIS BAD
(24:47 / All) Boogaloo_Shrimp: no, you're not saving face at all :D
(27:18 / All) Boogaloo_Shrimp: RAWR ATTACK MOVE
(28:07 / All) Boogaloo_Shrimp: 5 hit kill
(28:07 / All) Boogaloo_Shrimp: damn
(28:48 / All) ClutchFan23: LOL, THIS ISNT EVEN GOOD PRACTICE FOR YOU
(28:57 / All) Boogaloo_Shrimp: shouldnt you be better by now?
(29:05 / All) ClutchFan23: PROLLY
(29:11 / All) Boogaloo_Shrimp: you could never hope to be good practice for me
(29:20 / All) ClutchFan23: I HAVE FUN
(29:28 / All) Boogaloo_Shrimp: how is losing stupidly fun?
(29:39 / All) ClutchFan23: HELL YEAH
(29:45 / All) Boogaloo_Shrimp: now youre face saving
(30:01 / All) Boogaloo_Shrimp: big time
(30:10 / All) Boogaloo_Shrimp: not sure why you care so much what someone on the internet thinks
(30:16 / All) ClutchFan23: I GUESS I DONT KNOW WHAT "SAVING FACE" MEANS
(30:22 / All) ClutchFan23: I DONT
(30:26 / All) ClutchFan23: AT ALL
(30:28 / All) Boogaloo_Shrimp: it means trying to cover your shame
(30:31 / All) Boogaloo_Shrimp: by denying that you care
(30:37 / All) ClutchFan23: LOL
(30:43 / All) ClutchFan23: YER FUNNY TOO
(30:50 / All) ClutchFan23: I LIKE THAT
(31:04 / All) Boogaloo_Shrimp: i like you too, you try so hard it amuses me
(31:14 / All) ClutchFan23: NOT AT ALL
(31:21 / All) Boogaloo_Shrimp: back to denial again
(31:57 / All) ClutchFan23: LOL..WELL I ENJOYED MYSELF, BUT IM OUT..GG
(32:00 / All) Boogaloo_Shrimp: ragequit
(32:01 / All) Boogaloo_Shrimp: incoming
(32:04 / All) Boogaloo_Shrimp: thought you had all night :D
(32:12 / All) ClutchFan23: OK
(32:14 / All) ClutchFan23: I DO
(32:19 / All) Boogaloo_Shrimp: but you were just about to leave
(32:24 / All) Boogaloo_Shrimp: you're gonna let me manipulate you? :)
(33:11 / All) ClutchFan23: FOR REAL, HOW DO I CHECK YOUR PROFILE?
(33:17 / All) Boogaloo_Shrimp: for real you said you were going to smoke
(33:29 / All) Boogaloo_Shrimp: why must you turn this game into a plethora of lies
(33:30 / All) ClutchFan23: YER RIGHT
(33:52 / All) Boogaloo_Shrimp: would you say this game is a plethora of lies?
(34:00 / All) ClutchFan23: I STILL HAVE A CHANCE
(34:37 / All) ClutchFan23: LOL
(34:41 / All) ClutchFan23: I THOUGHT I HAD YOU
(34:45 / All) Boogaloo_Shrimp: ?
(34:54 / All) ClutchFan23: I WAS SOOO CLOSE
(35:57 / All) ClutchFan23: YOU CAN KILL YOUR OWN GUYS?
(36:04 / All) ClutchFan23: THATS AWESOME
(36:50 / All) ClutchFan23: HAVE A GOOD NIGHT
(36:58 / All) Boogaloo_Shrimp: you know about time zones right?
(36:59 / All) ClutchFan23: LOOK FORWARD TO PLAYIN AGAIN
(37:09 / All) ClutchFan23: IM IN IRAQ
(37:15 / All) Boogaloo_Shrimp: uh huh
(37:39 / All) Boogaloo_Shrimp: explains why the us lost
(37:44 / All) ClutchFan23: LOL
(37:54 / All) ClutchFan23: IM NOT IRAQI
(37:59 / All) Boogaloo_Shrimp: exactly.
(38:09 / All) ClutchFan23: THAT HURTS
(38:11 / All) Boogaloo_Shrimp: well you may not be stonewall jackson but you can figure out what these sappers do
(38:21 / All) Boogaloo_Shrimp: little goblin terrorists with little IEDs
(38:27 / All) ClutchFan23: LOL
(38:30 / All) Boogaloo_Shrimp: im gonna put them on autocast and pause the game
(38:40 / All) Boogaloo_Shrimp: when you're ready to leave, just unpause and it's the same thing
(38:43 / All) ClutchFan23: DONT PAUSE
(38:58 / All) Boogaloo_Shrimp: wow you didnt last long